[Event "Titled Tuesday Blitz March 08 Late 2022"]
[White "Petrovic, Aleksa"]
[Black "Kamsky, Gata"]
[WhiteFideId "967629"]
[BlackFideId "2000024"]
[WhiteElo "2499"]
[BlackElo "2815"]
[Result "0-1"]
[Round "03"]
[TimeControl "180+1"]
[Date "2022.03.09"]
[WhiteClock "0:00:02"]
[BlackClock "0:01:24"]

1. d4 Nf6 2. c4 g6 3. Nc3 Bg7 4. e4 d6 5. Nf3 O-O 6. Be2 e5 7. dxe5 dxe5 8. Qxd8 Rxd8 9. Bg5 c6 10. Nxe5 Re8 11. O-O-O Na6 12. Rd6 Nxe4 13. Nxe4 Bxe5 14. Nf6+ Bxf6 15. Bxf6 Nc5 16. Bf3 Bf5 17. Rhd1 h5 18. b4 Ne4 19. Bxe4 Rxe4 20. Rd8+ Re8 21. Rxa8 Rxa8 22. Rd8+ Rxd8 23. Bxd8 Be6 24. c5 Bxa2 25. h4 Kf8 26. Kd2 Ke8 27. Bc7 Kd7 28. Bb8 a6 29. Ke3 Ke6 30. Kd4 Kf5 31. Bd6 Kg4 32. Be7 Bd5 33. g3 Kf3 34. Bd6 Kxf2 35. Bf4 Kf3 36. Ke5 Ke2 37. Kd4 f6 38. Bd6 Kf3 39. Be7 f5 40. Bd6 Kg4 41. Bf4 g5 42. Bxg5 Kxg3 43. Ke3 f4+ 44. Bxf4+ Kxh4 45. Kf2 Kg4 46. Bc7 h4 47. Kg1 Kf3 48. Kh2 Be6 49. Bd8 h3 50. Bb6 Ke4 51. Ba5 Kd5 52. Kg3 Kc4 53. Kh2 Kb5 54. Kg3 Bc8 55. Kh2 b6 56. cxb6 c5 57. bxc5 Kxa5 0-1


[Site "https://www.chess.com"]

[Event "Titled Tuesday Blitz March 08 Late 2022"]
[White "Praggnanandhaa R"]
[Black "Korchmar, Vasiliy"]
[WhiteFideId "25059530"]
[BlackFideId "24131750"]
[WhiteElo "2599"]
[BlackElo "2370"]
[Result "1-0"]
[Round "03"]
[TimeControl "180+1"]
[Date "2022.03.08"]
[WhiteClock "0:00:23"]
[BlackClock "0:00:01"]

1. Nc3 e5 2. d3 d5 3. Nf3 Nc6 4. g3 g6 5. Bg2 Bg7 6. O-O Nge7 7. e4 d4 8. Ne2 O-O 9. Nh4 Be6 10. f4 f5 11. fxe5 Nxe5 12. Nf4 Bd7 13. exf5 Nxf5 14. Nxf5 Bxf5 15. Bxb7 Rb8 16. Bg2 Ng4 17. b3 Ne3 18. Bxe3 dxe3 19. Rb1 Qd7 20. Qe2 Rbe8 21. Bf3 Bc3 22. Ng2 Bh3 23. Kh1 Rf6 24. Be4 Rxf1+ 25. Rxf1 Bd2 26. Qf3 Bg4 27. Qf6 e2 28. Rg1 Rxe4 29. dxe4 Qd6 30. Qxd6 cxd6 31. Ne1 Bh3 32. Nf3 Bc3 33. Re1 1-0


[Site "https://www.chess.com"]

[Event "Titled Tuesday Blitz March 08 Late 2022"]
[White "Prohorov, Olexandr"]
[Black "Adewumi, Tanitoluwa"]
[WhiteFideId "14105578"]
[BlackFideId "30966396"]
[WhiteElo "1993"]
[BlackElo "2537"]
[Result "0-1"]
[Round "03"]
[TimeControl "180+1"]
[Date "2022.03.09"]
[WhiteClock "0:00:13"]
[BlackClock "0:00:15"]

1. Nf3 Nf6 2. d4 g6 3. g3 Bg7 4. Bg2 O-O 5. O-O d6 6. a4 Bg4 7. a5 a6 8. Nc3 Bxf3 9. Bxf3 c6 10. Bg2 Nbd7 11. e4 e5 12. Be3 h5 13. h3 Ne8 14. Qd2 Nc7 15. f4 Ne6 16. Ne2 exd4 17. Nxd4 Qe7 18. Rae1 Rad8 19. Kh2 h4 20. g4 Ndc5 21. c3 Nxd4 22. cxd4 Nxe4 23. Bxe4 Qxe4 24. f5 Qd5 25. f6 Bh8 26. Qf2 Rfe8 27. Qxh4 c5 28. dxc5 dxc5 29. Bf4 Re6 30. Rxe6 Qxe6 31. Qg3 Bxf6 32. Re1 Qd5 33. Re2 c4 34. h4 Qxa5 35. Kh3 Rd3 36. Re3 Rxe3 37. Qxe3 Qb5 38. Qe4 Qb3+ 39. Bg3 Bg7 40. h5 gxh5 41. gxh5 Qd1 42. Qf5 Qd3 43. Qc8+ Kh7 44. Qxb7 Qf5+ 45. Kg2 Qxh5 46. Qe4+ Qg6 47. Qxc4 Be5 48. Qb3 Qxg3+ 49. Qxg3 Bxg3 50. Kxg3 Kg6 51. Kf4 Kf6 52. Ke4 Kg5 53. Ke5 f5 54. Kd6 f4 55. Kc6 f3 56. Kb6 f2 57. Kxa6 f1=Q+ 58. Ka5 Qb1 59. b4 Qb2 60. b5 Qe5 61. Ka6 Qb8 62. b6 Kf6 63. b7 Ke7 64. Kb5 Kd8 0-1


[Site "https://www.chess.com"]

[Event "Titled Tuesday Blitz March 08 Late 2022"]
[White "Rastbod, Ali"]
[Black "Ronka, Erik"]
[WhiteFideId "12567477"]
[BlackFideId "505080"]
[WhiteElo "2635"]
[BlackElo "2449"]
[Result "0-1"]
[Round "03"]
[TimeControl "180+1"]
[Date "2022.03.09"]
[WhiteClock "0:00:06"]
[BlackClock "0:00:19"]

1. c4 c5 2. Nf3 Nc6 3. b3 e5 4. Bb2 d6 5. g3 g6 6. Bg2 Bg7 7. O-O Nge7 8. d3 O-O 9. Nc3 h6 10. Nd2 Be6 11. Rc1 Rb8 12. a3 a6 13. Nd5 b5 14. Bc3 Qd7 15. e3 Bh3 16. Bxh3 Qxh3 17. Qf3 Nxd5 18. Qxd5 Qd7 19. f4 b4 20. axb4 Nxb4 21. Bxb4 Rxb4 22. fxe5 Bxe5 23. d4 cxd4 24. exd4 Bg7 25. Rc3 Qe6 26. Qxe6 fxe6 27. Rxf8+ Kxf8 28. Nf3 Ke7 29. Rd3 a5 30. Nd2 d5 31. Kf2 a4 32. bxa4 dxc4 33. Ra3 Bxd4+ 34. Ke2 Bb2 35. Ra2 c3 36. a5 c2 37. a6 c1=Q 38. a7 Rd4 39. a8=Q Qxd2+ 40. Kf3 Rd3+ 41. Kg4 Qg5+ 42. Kh3 Qf5+ 43. Kg2 Rd2+ 44. Kg1 Qf2+ 0-1


[Site "https://www.chess.com"]

[Event "Titled Tuesday Blitz March 08 Late 2022"]
[White "Riehle, Marco"]
[Black "Pichot, Alan"]
[WhiteFideId "12904392"]
[BlackFideId "110973"]
[WhiteElo "2462"]
[BlackElo "2579"]
[Result "1-0"]
[Round "03"]
[TimeControl "180+1"]
[Date "2022.03.08"]
[WhiteClock "0:00:43"]
[BlackClock "0:00:04"]

1. e4 c5 2. a3 g6 3. h4 d5 4. exd5 Qxd5 5. Nc3 Qd8 6. h5 Bg7 7. Bc4 Nc6 8. Nf3 Nh6 9. d3 Bg4 10. Be3 Nd4 11. Bxd4 cxd4 12. Ne4 O-O 13. Qd2 Bxf3 14. gxf3 Nf5 15. O-O-O e6 16. Kb1 Rb8 17. Rdg1 b5 18. Bb3 Qe7 19. Ng5 Bh6 20. hxg6 hxg6 21. Rxh6 Nxh6 22. Nxe6 Qh4 23. Nxf8 Kxf8 24. Qa5 Kg7 25. Qxa7 Re8 26. Ka2 Qxf2 27. Rh1 Rf8 28. Qc5 Nf5 29. Qe5+ 1-0


[Site "https://www.chess.com"]

[Event "Titled Tuesday Blitz March 08 Late 2022"]
[White "Rosen, Eric"]
[Black "Jones, Gawain C B"]
[WhiteFideId "2032562"]
[BlackFideId "409561"]
[WhiteElo "2362"]
[BlackElo "2657"]
[Result "1-0"]
[Round "03"]
[TimeControl "180+1"]
[Date "2022.03.08"]
[WhiteClock "0:00:09"]
[BlackClock "0:00:04"]

1. d4 Nf6 2. Bf4 g6 3. Nc3 d5 4. e3 Bg7 5. h4 h5 6. Nf3 O-O 7. Ne5 c5 8. dxc5 Qa5 9. Qd2 Qxc5 10. Na4 Qd6 11. Nxg6 e5 12. Bxe5 Qe6 13. Nc5 Qe8 14. Bxf6 fxg6 15. Qxd5+ Kh8 16. Bxg7+ Kxg7 17. Bd3 Nc6 18. Ne4 Bf5 19. Nd6 Qe5 20. Nxf5+ Rxf5 21. Qxe5+ Rxe5 22. O-O-O Rf8 23. Rd2 Re6 24. g3 Ne5 25. f4 Ng4 26. e4 Rc8 27. e5 Rc7 28. Re1 Kf8 29. c3 Ke7 30. Bc2 Ra6 31. Bb3 Nh6 32. a3 Nf5 33. Rd3 Rb6 34. Bc2 a5 35. Rf3 Nh6 36. Rd1 Rbc6 37. Be4 Rb6 38. Rfd3 Nf7 39. Kc2 Rb5 40. Rd6 Rc4 41. R6d4 Rc7 42. Bxg6 Nh6 43. Bxh5 Nf5 44. R4d3 Ng7 45. Bg4 Ne8 46. Rd7+ Rxd7 47. Rxd7+ Kf8 48. Bf3 b6 49. h5 Rc5 50. h6 Rc7 51. Rxc7 Nxc7 52. g4 Ne6 53. f5 Ng5 54. Bd5 Nh3 55. b4 Nf4 56. Bc4 axb4 57. cxb4 Ng2 58. f6 Nf4 59. h7 Ng6 60. g5 Nh8 61. e6 b5 62. e7+ Ke8 63. Bxb5+ Kf7 64. e8=Q# 1-0


[Site "https://www.chess.com"]

[Event "Titled Tuesday Blitz March 08 Late 2022"]
[White "Rudzinska, Michalina"]
[Black "Kuegel, Tobias"]
[WhiteFideId "1172883"]
[BlackFideId "4636295"]
[WhiteElo "1904"]
[BlackElo "2213"]
[Result "0-1"]
[Round "03"]
[TimeControl "180+1"]
[Date "2022.03.09"]
[WhiteClock "0:02:01"]
[BlackClock "0:02:14"]

1. Nf3 d6 2. b3 e5 3. Bb2 g6 4. d4 Bg7 5. dxe5 Nd7 6. e3 Nxe5 7. Nxe5 Bxe5 8. Bxe5 dxe5 9. Qxd8+ Kxd8 10. Nd2 c6 11. O-O-O Kc7 12. Nc4 f6 13. Nd6 Be6 14. Bc4 Bxc4 15. bxc4 Ne7 16. c5 Rhd8 17. Rd3 b6 18. Ne4 f5 19. Ng5 Rxd3 20. c3 Rxc3+ 0-1


[Site "https://www.chess.com"]

[Event "Titled Tuesday Blitz March 08 Late 2022"]
[White "Salimova, Nurgyul"]
[Black "Sanal, Vahap"]
[WhiteFideId "2915138"]
[BlackFideId "6300545"]
[WhiteElo "2185"]
[BlackElo "2603"]
[Result "0-1"]
[Round "03"]
[TimeControl "180+1"]
[Date "2022.03.08"]
[WhiteClock "0:00:01"]
[BlackClock "0:00:07"]

1. e4 d6 2. d4 Nf6 3. Nc3 e5 4. Nf3 Nbd7 5. g4 d5 6. Nxd5 Nxd5 7. exd5 e4 8. Qe2 Nf6 9. g5 Nxd5 10. Qxe4+ Be7 11. Bd3 Nb4 12. Bd2 Nxd3+ 13. Qxd3 Qd5 14. c4 Qe6+ 15. Be3 Bb4+ 16. Nd2 O-O 17. O-O-O c6 18. Kb1 b5 19. d5 cxd5 20. cxd5 Qh3 21. Ka1 Bf5 22. Qxb5 Rab8 23. Qa4 Bd7 24. Qxa7 Qf5 25. Qd4 Be7 26. d6 Bd8 27. Ne4 Bb6 28. Qd5 Qg6 29. Bxb6 Rxb6 30. Rhe1 Rfb8 31. Rd2 Bc6 32. Qd4 Rb4 33. Qxb4 Rxb4 34. d7 Bxd7 35. Rxd7 Rb8 36. Red1 Rf8 37. Nc3 Qxg5 38. a4 Qf5 39. R7d5 Qxf2 40. a5 Qxh2 41. a6 Qc7 42. Kb1 Qa7 43. Ra5 Qb6 44. Ra4 h5 45. Rd5 Ra8 46. Rb5 Qg6+ 47. Ka2 Rxa6 48. Rxa6 Qxa6+ 49. Kb1 Qg6+ 50. Ka2 h4 51. Rb8+ Kh7 52. Rb4 Qe6+ 53. Kb1 g5 54. Ne4 Qg6 55. Rd4 h3 56. Kc1 h2 57. Ng3 Qc6+ 58. Rc4 Qxc4+ 0-1


[Site "https://www.chess.com"]

[Event "Titled Tuesday Blitz March 08 Late 2022"]
[White "Salinas Herrera, Pablo"]
[Black "Przybylski, Wojciech"]
[WhiteFideId "3407128"]
[BlackFideId "1117599"]
[WhiteElo "2541"]
[BlackElo "2133"]
[Result "1-0"]
[Round "03"]
[TimeControl "180+1"]
[Date "2022.03.08"]
[WhiteClock "0:01:36"]
[BlackClock "0:00:01"]

1. d4 Nf6 2. Nf3 e6 3. Bf4 b6 4. e3 Bb7 5. Nbd2 Be7 6. h3 O-O 7. Bd3 c5 8. c3 d6 9. O-O Nbd7 10. a4 cxd4 11. exd4 Nd5 12. Bh2 h6 13. Re1 Rc8 14. Qe2 N7f6 15. Ba6 Qd7 16. a5 Qc6 17. Bb5 Qc7 18. Nc4 Qb8 19. a6 Ba8 20. Rad1 Qc7 21. Rc1 Bc6 22. Na3 Qd7 23. Bxc6 Rxc6 24. Qb5 Nc7 25. Qe2 Qc8 26. Nb5 Qxa6 27. c4 Rc8 28. Ra1 Qb7 29. Nxa7 d5 30. Nxc8 Qxc8 31. Ne5 Rd6 32. Ra7 Nce8 33. Rxe7 1-0


[Site "https://www.chess.com"]

[Event "Titled Tuesday Blitz March 08 Late 2022"]
[White "Sanchez, Robert"]
[Black "Morris-Suzuki, Sophie"]
[WhiteFideId "2034360"]
[BlackFideId "30922615"]
[WhiteElo "2281"]
[BlackElo "2491"]
[Result "0-1"]
[Round "03"]
[TimeControl "180+1"]
[Date "2022.03.09"]
[WhiteClock "0:00:54"]
[BlackClock "0:00:23"]

1. e4 c5 2. Nf3 e6 3. d4 cxd4 4. Nxd4 d6 5. Nc3 a6 6. Be3 b5 7. f3 Bb7 8. Qd2 Nf6 9. O-O-O Nbd7 10. g4 Nb6 11. Bd3 Nfd7 12. g5 Ne5 13. h4 Nbc4 14. Qf2 Rc8 15. Kb1 Qa5 16. Nb3 Qb4 17. Ne2 d5 18. exd5 Bxd5 19. Ned4 Bd6 20. h5 Nxe3 21. Qxe3 Nc4 22. Qe2 Nxb2 23. Kxb2 Qc3+ 24. Kb1 Ba3 0-1


[Site "https://www.chess.com"]

[Event "Titled Tuesday Blitz March 08 Late 2022"]
[White "Shuvalova, Polina"]
[Black "Corallo, Michael"]
[WhiteFideId "24171760"]
[BlackFideId "2024152"]
[WhiteElo "2575"]
[BlackElo "2339"]
[Result "1-0"]
[Round "03"]
[TimeControl "180+1"]
[Date "2022.03.09"]
[WhiteClock "0:00:51"]
[BlackClock "0:00:11"]

1. d4 Nf6 2. Nf3 e6 3. Bf4 b6 4. e3 Bb7 5. Nbd2 g6 6. h3 Bg7 7. Bd3 O-O 8. O-O d6 9. c3 Nbd7 10. Bh2 Qe7 11. e4 Rfe8 12. a4 a5 13. Re1 e5 14. Qc2 Qf8 15. Rad1 Re7 16. d5 Nc5 17. Bb5 Ba6 18. b4 Bxb5 19. axb5 Nb7 20. Nc4 Qe8 21. bxa5 Nxa5 22. Nxa5 Rxa5 23. c4 Qa8 24. Nd2 Nd7 25. Nb3 Ra2 26. Ra1 Rxa1 27. Rxa1 Qb7 28. Bg3 Re8 29. Qa2 Rb8 30. Kh2 Qc8 31. f3 f5 32. exf5 gxf5 33. Qc2 Nf6 34. Ra7 f4 35. Bh4 Nh5 36. Nd2 Ra8 37. Rxa8 Qxa8 38. Qf5 Qe8 39. Ne4 Qg6 40. Qc8+ Bf8 41. Qxc7 Qf7 42. Qxb6 Be7 43. Qb8+ 1-0


[Site "https://www.chess.com"]

[Event "Titled Tuesday Blitz March 08 Late 2022"]
[White "Silva, Miguel Antonio Neto"]
[Black "Celestino, Rafael Teixeira"]
[WhiteFideId "1911929"]
[BlackFideId "2108925"]
[WhiteElo "2204"]
[BlackElo "2284"]
[Result "1-0"]
[Round "03"]
[TimeControl "180+1"]
[Date "2022.03.09"]
[WhiteClock "0:00:20"]
[BlackClock "0:00:01"]

1. e4 c5 2. Nf3 Nc6 3. Bb5 g6 4. O-O Bg7 5. Nc3 e5 6. d3 Nge7 7. a4 O-O 8. Bg5 h6 9. Be3 Nd4 10. Bc4 d6 11. Nd2 Kh7 12. f4 f5 13. fxe5 dxe5 14. Nd5 f4 15. Bf2 g5 16. c3 Ne6 17. a5 Ng6 18. Qh5 Bh8 19. Kh1 Ng7 20. Qe2 g4 21. Bxc5 Re8 22. b4 Be6 23. a6 b6 24. Bf2 Qg5 25. Nc7 g3 26. Bxe6 Nxe6 27. Nxe8 Qh4 28. Nf3 Qh5 29. Nd6 Ng5 30. Nxg5+ Qxg5 31. Bxg3 fxg3 32. Rf7+ Kg8 33. Raf1 Nf4 34. R7xf4 exf4 35. d4 Rd8 36. Qc4+ Kh7 37. Qf7+ Bg7 38. e5 gxh2 39. Qxf4 Qh5 40. Qxh2 Qg6 41. Qf4 Rf8 42. Qc1 Qh5+ 43. Kg1 Rg8 44. Rf7 Kh8 45. Qf1 1-0


[Site "https://www.chess.com"]

[Event "Titled Tuesday Blitz March 08 Late 2022"]
[White "Sliwicki, Damian"]
[Black "Wartiovaara, Oliver"]
[WhiteFideId "1127128"]
[BlackFideId "513024"]
[WhiteElo "2067"]
[BlackElo "1971"]
[Result "0-1"]
[Round "03"]
[TimeControl "180+1"]
[Date "2022.03.09"]
[WhiteClock "0:00:07"]
[BlackClock "0:01:30"]

1. e3 Nf6 2. d4 g6 3. c4 Bg7 4. Nc3 O-O 5. h4 c5 6. Nf3 d5 7. cxd5 Nxd5 8. Bd3 Nc6 9. dxc5 Nxc3 10. bxc3 Bxc3+ 11. Bd2 Qxd3 12. Rc1 Bxd2+ 13. Nxd2 Rd8 14. h5 Bg4 15. f3 Qxe3+ 16. Qe2 Qxe2+ 17. Kxe2 Be6 18. hxg6 hxg6 19. Ne4 Bf5 20. Ng3 Nd4+ 21. Kf2 Rac8 22. Nxf5 Nxf5 23. g4 Nd4 24. Rh3 Ne6 25. Rch1 Rxc5 26. Rh8+ Kg7 27. Rxd8 Nxd8 28. Rd1 Nc6 29. Rd7 Rc2+ 30. Kg3 Rxa2 31. Rxb7 e5 32. Rc7 Nd4 33. g5 Ra3 34. Rb7 Rxf3+ 35. Kg4 Rf4+ 36. Kg3 Nf5+ 37. Kh3 Rf3+ 38. Kg2 Rg3+ 39. Kh2 Rxg5 40. Rxa7 e4 41. Kh3 e3 42. Ra2 Rg3+ 43. Kh2 Rf3 44. Re2 Rf2+ 45. Rxf2 exf2 46. Kg2 Kf6 47. Kxf2 Kg5 48. Kf3 Nh4+ 49. Kg3 f5 50. Kh2 f4 51. Kg1 Kg4 52. Kh1 Kg3 53. Kg1 f3 54. Kh1 Kf2 55. Kh2 Nf5 56. Kh3 Kg1 57. Kg4 f2 58. Kg5 f1=Q 59. Kf6 Qg2 60. Ke5 Ng3 61. Kf4 Nh1 62. Ke5 g5 63. Kf6 g4 64. Kg5 g3 65. Kh4 Qh2+ 66. Kg4 Kf1 67. Kf3 g2 68. Ke4 g1=Q 69. Kd3 Qgg3+ 70. Ke4 Qhh4+ 0-1


[Site "https://www.chess.com"]

[Event "Titled Tuesday Blitz March 08 Late 2022"]
[White "Spitzl, Vinzent"]
[Black "Piesik, Piotr"]
[WhiteFideId "12901253"]
[BlackFideId "1136194"]
[WhiteElo "2431"]
[BlackElo "2601"]
[Result "1-0"]
[Round "03"]
[TimeControl "180+1"]
[Date "2022.03.09"]
[WhiteClock "0:01:05"]
[BlackClock "0:01:13"]

1. e4 g6 2. d4 Bg7 3. Nc3 c6 4. h3 d6 5. Be3 Nf6 6. a4 O-O 7. Nge2 e5 8. g4 exd4 9. Bxd4 d5 10. exd5 Re8 11. Bg2 Bf8 12. O-O Nxd5 13. Nxd5 cxd5 14. Qd2 Nc6 15. c3 Be6 16. Rfe1 Qc7 17. Rad1 Rad8 18. Nf4 Bh6 19. Be3 d4 20. Nxe6 dxe3 21. Nxc7 Rxd2 22. Rxd2 exd2 23. Rxe8+ Kg7 24. Bf3 1-0


[Site "https://www.chess.com"]

[Event "Titled Tuesday Blitz March 08 Late 2022"]
[White "Stoleriu, George"]
[Black "Mickiewicz, Piotr"]
[WhiteFideId "1227505"]
[BlackFideId "1114891"]
[WhiteElo "2608"]
[BlackElo "2431"]
[Result "1-0"]
[Round "03"]
[TimeControl "180+1"]
[Date "2022.03.09"]
[WhiteClock "0:00:58"]
[BlackClock "0:00:16"]

1. e4 c5 2. Nf3 e6 3. b3 Nc6 4. Bb2 Nge7 5. g3 d6 6. Bg2 e5 7. O-O g6 8. c3 Bg7 9. d4 O-O 10. Na3 exd4 11. cxd4 Bg4 12. Nc2 cxd4 13. Ncxd4 Qb6 14. Nxc6 Nxc6 15. Bxg7 Kxg7 16. Qxd6 Rad8 17. Qf4 Bxf3 18. Bxf3 Nd4 19. Rad1 Qf6 20. Qxf6+ Kxf6 21. Bg2 b5 22. f4 Ne2+ 23. Kf2 Nc3 24. e5+ Ke7 25. Rxd8 Rxd8 26. Ke3 b4 27. Rc1 Nd1+ 28. Kf3 Rd2 29. g4 Nc3 30. a3 Rd3+ 31. Kf2 Rd2+ 32. Kf3 Rd3+ 33. Kf2 bxa3 34. Bf1 Rd2+ 35. Ke3 Rb2 36. Rxc3 a2 37. Rc7+ Kd8 38. Rxa7 Rxb3+ 39. Bd3 Rb1 40. Rxa2 Re1+ 41. Kd4 Rd1 1-0


[Site "https://www.chess.com"]

[Event "Titled Tuesday Blitz March 08 Late 2022"]
[White "Suarez Uriel, Adrian"]
[Black "Supatashvili, Khvicha"]
[WhiteFideId "22230874"]
[BlackFideId "13600664"]
[WhiteElo "2469"]
[BlackElo "2719"]
[Result "1-0"]
[Round "03"]
[TimeControl "180+1"]
[Date "2022.03.09"]
[WhiteClock "0:01:08"]
[BlackClock "0:00:10"]

1. e4 c6 2. Nf3 d5 3. d3 dxe4 4. dxe4 Qxd1+ 5. Kxd1 Bg4 6. Be2 Nd7 7. Ne1 Bxe2+ 8. Kxe2 g6 9. Nd3 Bg7 10. c3 Ngf6 11. f3 O-O-O 12. Be3 Nb6 13. Nd2 Nfd7 14. a4 a6 15. a5 Na8 16. Nc4 Nc7 17. Rhd1 Nb5 18. Bf4 Nc7 19. Bg3 f6 20. Rd2 e5 21. Nd6+ Kb8 22. Nf7 Ne6 23. Nxh8 Rxh8 24. Rad1 Kc8 25. b4 Bh6 26. Rc2 Bg5 27. Bf2 h5 28. c4 h4 29. b5 c5 30. bxa6 bxa6 31. Rb2 Kc7 32. Rdb1 Kc6 33. Rb6+ Nxb6 34. Rxb6+ Kd7 35. Nxc5+ Nxc5 36. Bxc5 Rc8 37. Be3 Rxc4 38. Bxg5 fxg5 39. Rxa6 Rc2+ 40. Kf1 Rc1+ 41. Ke2 Rc2+ 42. Ke3 Rxg2 43. Rxg6 Rxh2 44. Rxg5 Ke6 45. Rg6+ Kf7 46. Rh6 Ra2 47. a6 h3 48. Rh7+ Kg6 49. Rxh3 Rxa6 50. Kd3 Kg5 51. Ke3 Ra3+ 52. Kf2 Ra2+ 53. Kg3 Ra1 54. Rh8 Rg1+ 55. Kf2 Rb1 56. Rf8 Rb5 57. Rf5+ Kg6 58. Ke3 Rb3+ 59. Ke2 Rb5 60. Kd3 1-0


[Site "https://www.chess.com"]

[Event "Titled Tuesday Blitz March 08 Late 2022"]
[White "Suder, Jakub"]
[Black "Li, Ben"]
[WhiteFideId "1195310"]
[BlackFideId "2089980"]
[WhiteElo "2058"]
[BlackElo "2267"]
[Result "1-0"]
[Round "03"]
[TimeControl "180+1"]
[Date "2022.03.08"]
[WhiteClock "0:00:30"]
[BlackClock "0:00:07"]

1. d4 d5 2. c4 e6 3. Nc3 Bb4 4. a3 Bxc3+ 5. bxc3 Nf6 6. cxd5 exd5 7. e3 O-O 8. Bd3 c5 9. Ne2 b6 10. O-O Ba6 11. f3 Re8 12. Ng3 Bxd3 13. Qxd3 Nc6 14. Bb2 h5 15. e4 c4 16. Qc2 h4 17. Nf5 dxe4 18. fxe4 Rxe4 19. Nxg7 Rg4 20. Nf5 Qf8 21. Rae1 h3 22. g3 Re8 23. Bc1 Rxe1 24. Rxe1 Rg6 25. Qe2 Qc8 26. Nh4 Rg4 27. Rf1 Qd8 28. Rxf6 Rxd4 29. Rf1 Rd6 30. Qg4+ Kf8 31. Ng6+ Kg7 32. Ne5+ Rg6 33. Rxf7+ Kh8 34. Nxg6+ Kg8 35. Rf8+ Qxf8 36. Nxf8+ Kxf8 37. Qf3+ 1-0


[Site "https://www.chess.com"]

[Event "Titled Tuesday Blitz March 08 Late 2022"]
[White "Svane, Rasmus"]
[Black "Mikhailov, Viacheslav"]
[WhiteFideId "4657101"]
[BlackFideId "4187369"]
[WhiteElo "2645"]
[BlackElo "2381"]
[Result "1-0"]
[Round "03"]
[TimeControl "180+1"]
[Date "2022.03.08"]
[WhiteClock "0:00:18"]
[BlackClock "0:00:22"]

1. Nf3 Nf6 2. g3 g6 3. Bg2 Bg7 4. O-O O-O 5. d4 d6 6. Re1 Nc6 7. d5 Ne5 8. Nxe5 dxe5 9. c4 e6 10. Nc3 exd5 11. cxd5 Ne8 12. e4 Nd6 13. Qb3 f5 14. exf5 gxf5 15. Be3 f4 16. Bc5 f3 17. Bf1 b6 18. Bxd6 cxd6 19. Ne4 Bf5 20. Rac1 Qe7 21. Qxf3 Bg6 22. Qg4 Bxe4 23. Rxe4 Rf6 24. Rec4 Rff8 25. Bd3 Qf6 26. R1c2 Rf7 27. Rc8+ Rxc8 28. Rxc8+ Rf8 29. Rxf8+ Qxf8 30. Qe6+ Kh8 31. Be4 Bf6 32. b4 Qe7 33. Qc8+ Qd8 34. Qf5 Qe7 35. a4 a5 36. b5 Bg5 37. h4 Bd2 38. Qc8+ Kg7 39. Qb8 Bb4 40. Qxb6 Bc5 41. Qxa5 h6 42. Qd2 Qa7 43. a5 Bd4 44. b6 Qa6 45. Kg2 Qb5 46. Qa2 Qb4 47. Qe2 Qxa5 48. b7 Qb6 49. Qg4+ Kf7 50. Qe6+ Kg7 51. Qe7+ Kg8 52. Bh7+ Kh8 53. Bg6 1-0


[Site "https://www.chess.com"]

[Event "Titled Tuesday Blitz March 08 Late 2022"]
[White "Szpar, Milosz"]
[Black "Dubov, Daniil"]
[WhiteFideId "1184989"]
[BlackFideId "24126055"]
[WhiteElo "2447"]
[BlackElo "2791"]
[Result "0-1"]
[Round "03"]
[TimeControl "180+1"]
[Date "2022.03.08"]
[WhiteClock "0:00:12"]
[BlackClock "0:01:41"]

1. e4 c5 2. Nf3 e6 3. d4 cxd4 4. Nxd4 a6 5. Bd3 Bc5 6. Nb3 Ba7 7. Qe2 Ne7 8. Be3 Nbc6 9. O-O O-O 10. Nc3 b5 11. a3 d6 12. Rad1 Bb7 13. Kh1 Ne5 14. Bxa7 Rxa7 15. Qe3 Ra8 16. Be2 Qc7 17. f4 Nc4 18. Bxc4 bxc4 19. Nd4 e5 20. Nde2 f5 21. fxe5 dxe5 22. Ng1 fxe4 23. Rxf8+ Rxf8 24. Nxe4 Nf5 25. Qc5 Qxc5 26. Nxc5 Bxg2+ 27. Kxg2 Ne3+ 28. Kg3 Nxd1 29. Nf3 Nxb2 30. Nxe5 a5 31. Nc6 a4 32. Nd7 Rf1 33. Ne7+ Kf7 34. Nd5 Ra1 0-1


[Site "https://www.chess.com"]

[Event "Titled Tuesday Blitz March 08 Late 2022"]
[White "Sztokbant, Bernardo Vainzoff"]
[Black "Sarkar, Justin"]
[WhiteFideId "2115956"]
[BlackFideId "2010011"]
[WhiteElo "2558"]
[BlackElo "2304"]
[Result "1-0"]
[Round "03"]
[TimeControl "180+1"]
[Date "2022.03.09"]
[WhiteClock "0:00:06"]
[BlackClock "0:00:01"]

1. e4 Nf6 2. Nc3 d5 3. e5 d4 4. exf6 dxc3 5. fxg7 cxd2+ 6. Bxd2 Bxg7 7. Bc4 Bxb2 8. Rb1 Bf6 9. Qh5 e6 10. Nf3 Nc6 11. O-O Nd4 12. Ng5 Qd7 13. Rfd1 h6 14. Ne4 Bg7 15. Be3 e5 16. c3 Qf5 17. Qh4 Nc6 18. Rb2 Be6 19. Bxe6 Qxe6 20. Rxb7 O-O 21. h3 f5 22. Nc5 Qf7 23. Rd7 Qg6 24. Rbxc7 1-0


[Site "https://www.chess.com"]

[Event "Titled Tuesday Blitz March 08 Late 2022"]
[White "Tabatabaei, M. Amin"]
[Black "Di Nicolantonio, Lucas"]
[WhiteFideId "12521213"]
[BlackFideId "680460"]
[WhiteElo "2544"]
[BlackElo "2381"]
[Result "1-0"]
[Round "03"]
[TimeControl "180+1"]
[Date "2022.03.08"]
[WhiteClock "0:00:23"]
[BlackClock "0:00:09"]

1. d4 Nf6 2. Nf3 e6 3. Bf4 d5 4. e3 Bd6 5. Ne5 O-O 6. Nd2 c5 7. c3 Nc6 8. Bd3 Qc7 9. Ndf3 Ne4 10. Nxc6 Bxf4 11. exf4 bxc6 12. g3 cxd4 13. cxd4 c5 14. dxc5 Qa5+ 15. Nd2 Nxd2 16. Qxd2 Qxc5 17. Rc1 Qb6 18. O-O Bb7 19. b4 Rfc8 20. a3 h6 21. h4 d4 22. Qe2 Qd6 23. Qe5 Qxe5 24. fxe5 Rc3 25. Rxc3 dxc3 26. Rc1 Rc8 27. f4 f6 28. Kf2 fxe5 29. fxe5 Bd5 30. Ke3 Bb3 31. Bc2 Bd5 32. Bd3 Bb3 33. Bc2 Bd5 34. Kd3 Kf7 35. Bd1 Kg6 36. Rxc3 Rd8 37. Ke3 Kf5 38. Rc7 g5 39. hxg5 hxg5 40. Rxa7 Kxe5 41. b5 Bc4 42. Be2 Bxe2 43. Kxe2 Ke4 44. b6 Rd3 45. Ra4+ 1-0


[Site "https://www.chess.com"]

[Event "Titled Tuesday Blitz March 08 Late 2022"]
[White "Tanenbaum, Zachary"]
[Black "Kim, Sergey"]
[WhiteFideId "2060850"]
[BlackFideId "13700570"]
[WhiteElo "2168"]
[BlackElo "2546"]
[Result "0-1"]
[Round "03"]
[TimeControl "180+1"]
[Date "2022.03.08"]
[WhiteClock "0:00:10"]
[BlackClock "0:01:02"]

1. e4 e5 2. Nf3 Nc6 3. Bc4 Bc5 4. c3 Nf6 5. d3 d6 6. Nbd2 a6 7. a4 Ba7 8. Nf1 O-O 9. Ng3 h6 10. O-O Ne7 11. Be3 Ng6 12. Bxa7 Rxa7 13. d4 Re8 14. dxe5 dxe5 15. Qxd8 Rxd8 16. Rad1 Re8 17. h3 Ra8 18. a5 Kf8 19. Rfe1 Be6 20. Bxe6 Rxe6 21. Nf5 Ree8 22. g3 Rad8 23. Kf1 Rxd1 24. Rxd1 Nxe4 25. Rd7 Rc8 26. h4 Nf6 27. Rd1 e4 28. N3d4 Ne5 29. Nb3 Nd3 30. Nbd4 h5 31. Ke2 g6 32. Ne3 Ne5 33. b4 Ke7 34. Nb3 b6 35. Ra1 b5 36. Nc5 Ra8 37. Rd1 Ned7 38. Nb3 Rc8 39. Nd4 c5 40. Ndc2 Ne5 41. Na3 cxb4 42. cxb4 Nd3 43. f3 Nxb4 44. fxe4 Nxe4 45. Rd4 Nc3+ 46. Kf3 Nc6 47. Rd2 Nxa5 48. Rc2 b4 49. Nb1 Ke6 50. Nxc3 Rxc3 51. Rxc3 bxc3 52. Ke4 Nc6 53. Kd3 Ke5 54. Kxc3 Ke4 55. Nc4 Ne5 56. Nd6+ Kf3 57. Kd4 f6 58. Ne8 Kxg3 59. Nxf6 Nf3+ 60. Ke4 Nxh4 61. Ne8 a5 62. Nd6 a4 63. Nc4 g5 64. Ke3 g4 65. Ke2 Kg2 66. Ne3+ Kh2 67. Nf1+ Kg1 68. Nd2 a3 69. Nb3 g3 70. Ke3 g2 71. Kf4 Kf1 72. Ke4 g1=Q 73. Kd3 Qg3+ 74. Kc2 Qxb3+ 75. Kxb3 Nf3 76. Ka2 h4 77. Kb3 h3 78. Ka2 h2 79. Kb3 h1=Q 80. Ka2 Qg2+ 81. Kb3 a2 82. Kc4 a1=Q 83. Kd3 Qd4# 0-1


[Site "https://www.chess.com"]